 Dungeon Crawl Stone Soup version 0.16.1-2-g95b8d4c (webtiles) character file.

2 RobertPalmer the Grasshopper (level 1, 14/14 HPs)
             Began as an Octopode Warper on Mar 25, 2015.
             Quit the game on level 1 of the Dungeon.
             The game lasted 00:00:18 (241 turns).

RobertPalmer the Grasshopper (Octopode Warper)       Turns: 241, Time: 00:00:18

Health: 14/14      AC:  1    Str: 10    XL:     1   Next: 40%
Magic:  3/3        EV: 12    Int: 15    God:
Gold:   10         SH:  0    Dex: 11    Spells: 1 memorised, 3 levels left

rFire  . . .     SeeInvis .     a - +0 short sword
rCold  . . .     Clarity  .     (no shield)
rNeg   . . .     SustAb   .     (helmet restricted)
rPois  .         Gourm    .     (no amulet)
rElec  .         Spirit   .     (no ring)
rCorr  .         Warding  .     (no ring)
rMut   .         Stasis   .     (no ring)
MR     .....                    (no ring)
Stlth  ++........               (no ring)
                                (no ring)
                                (no ring)
                                (no ring)

@: not resistant to hostile enchantments, unstealthy
A: almost no armour, amphibious, 8 rings, constrict 8, camouflage 1, gelatinous
body 1
a: no special abilities


You were on level 1 of the Dungeon.
You were not hungry.

You visited 1 branch of the dungeon, and saw 1 of its levels.

You collected 10 gold pieces.

Inventory:

Hand weapons
 a - a +0 short sword (weapon)
Missiles
 e - 5 tomahawks of dispersal {=f}
Scrolls
 d - a scroll of blinking {!r}
Books
 c - a book of Spatial Translocations
Comestibles
 b - a meat ration {@e2}
 f - a bread ration {@e1}


   Skills:
 - Level 2.0 Fighting
 + Level 2.2 Short Blades
 - Level 1.0 Throwing
 - Level 2.3 Dodging
 - Level 2.0 Spellcasting
 - Level 3.0 Translocations


You had 3 spell levels left.
You knew the following spells:

 Your Spells              Type           Power        Failure   Level  Hunger
g - Apportation           Tloc           ##........   8%          1    #......


Dungeon Overview and Level Annotations

Branches:
Dungeon (1/15)

Altars:


Innate Abilities, Weirdness & Mutations

You cannot wear most types of armour.
You are amphibious.
You can wear up to eight rings at the same time.
You can use your tentacles to constrict many enemies at once.
Your skin changes colour to match your surroundings (Stealth).
Your rubbery body absorbs attacks (AC +1).


Message History

Welcome, RobertPalmer the Octopode Warper.
Will you prevail where others failed? Will you get the Orb of Zot?
Found a staircase leading out of the dungeon.
You open the door.
There is an open door here.
You now have 10 gold pieces.
A rat comes into view.
A rat is nearby!
A rat is nearby!
A rat is nearby!
A rat is nearby!
You barely miss the rat. Your grab misses the rat. Your squeeze misses the rat.
The rat bites you but does no damage.
You barely miss the rat. Your grab misses the rat. The rat barely misses you.
You hit the rat. You grab the rat. You constrict the rat. The rat bites you.
You take 1 damage, and have 13/14 hp.
You barely miss the rat. You constrict the rat.
You kill the rat!
No target in view!
No target in view!
No target in view!
No target in view!
Okay, then.
A kobold comes into view. It is wielding a short sword.
A kobold is nearby!
A kobold is nearby!
A kobold is nearby!
A kobold is nearby!
The kobold shouts!
You miss the kobold. Your grab misses the kobold. You squeeze the kobold.
The kobold hits you with a short sword.
You take 6 damage, and have 7/14 hp.
MASSIVE DAMAGE!!
You hit the kobold.
You kill the kobold!
You start resting.
You start resting.
Health restored: 14 Unknown command.
You see here a short sword.
A rat comes into view.
A rat is nearby!
A rat is nearby!
A rat is nearby!
A rat is nearby!
A rat is nearby!
A rat is nearby!
The rat barely misses you.
You closely miss the rat. You grab the rat. You constrict the rat.
The rat barely misses you.
You hit the rat. You constrict the rat.
You kill the rat!
No target in view!
No target in view!
b - a meat ration {@e2}

..
##..#####
.........#
#@# #.# #.
#.# .#.
#.# #.#.
#.# #.#.
#.# ##.#.
##.##
##....
#...###
####.#.#.
#.....###
#........


There were no monsters in sight!

Vanquished Creatures
  A kobold (D:1)
  2 rats (D:1)
3 creatures vanquished.

Notes
Turn   | Place    | Note
--------------------------------------------------------------
     0 | D:1      | RobertPalmer, the Octopode Warper, began the quest for the Orb.
     0 | D:1      | Reached XP level 1. HP: 14/14 MP: 3/3
   241 | D:1      | Quit the game

Action                   || total
-------------------------++-------
Melee: Short sword       ||     8

Vault maps used:
D:1:      saegor_arrival_simple_b

Table legend:
 A = Turns spent in this place as a percentage of turns spent in the entire game.
 B = Non-inter-level travel turns spent in this place as a percentage of non-inter-level travel turns spent in the entire game.
 C = Inter-level travel turns spent in this place as a percentage of turns spent in this place.
 D = Turns resting spent in this place as a percentage of non-inter-level travel turns spent in this place.
 E = Turns spent auto-exploring this place as a percentage of non-inter-level travel turns spent in this place.
 F = Non-inter-level travel turns spent in this place divided by the number of levels of this place that you've seen.
                   A       B       C       D       E      F
               +-------+-------+-------+-------+-------+----------------------
         Total | 100.0 | 100.0 |   0.0 |   5.7 |   5.7 |  53.0
       Dungeon | 100.0 | 100.0 |   0.0 |   5.7 |   5.7 |  53.0
               +-------+-------+-------+-------+-------+----------------------

Table legend:
 A = Kills in this place as a percentage of kills in entire the game.
 B = Kills by you in this place as a percentage of kills by you in the entire game.
 C = Kills by friends in this place as a percentage of kills by friends in the entire game.
 D = Other kills in this place as a percentage of other kills in the entire game.
 E = Experience gained in this place as a percentage of experience gained in the entire game.
 F = Experience gained in this place divided by the number of levels of this place that you have seen.
                   A       B       C       D       E      F
               +-------+-------+-------+-------+-------+----------------------
         Total | 100.0 | 100.0 |  -nan |  -nan | 100.0 |   4.0
       Dungeon | 100.0 | 100.0 |  -nan |  -nan | 100.0 |   4.0
               +-------+-------+-------+-------+-------+----------------------
